 Dungeon Crawl Stone Soup version 0.26.1-11-gd32895ea62 (webtiles) character file.

Game seed: 397148239152913408

127 dtburroughs the Skirmisher (level 4, 0/41 HPs)
             Began as a Minotaur Berserker on July 9, 2021.
             Was a Believer of Trog.
             Killed from afar by an orc wizard (7 damage)
             ... with a magic dart
             ... on level 3 of the Dungeon.
             The game lasted 00:03:03 (2110 turns).

dtburroughs the Skirmisher (Minotaur Berserker)     Turns: 2110, Time: 00:03:03

Health: 0/41       AC:  2    Str: 21    XL:     4   Next: 85%
Magic:  3/3        EV: 10    Int:  5    God:    Trog [**....]
Gold:   81         SH:  8    Dex: 10    Spells: 3/3 levels left

rFire    . . .     SeeInvis .   a - +0 hand axe
rCold    . . .     Faith    .   q - +0 kite shield
rNeg     . . .     Spirit   .   b - +0 animal skin
rPois    .         Reflect  .   (helmet restricted)
rElec    .         Harm     .   (no cloak)
rCorr    .         Rampage  .   (no gloves)
Will     ++...                  (no boots)
Stlth    +.........             (no amulet)
HPRegen  1.13/turn              (no ring)
MPRegen  0.08/turn              (no ring)

@: berserk cooldown, regenerating, slowed, very slow
A: retaliatory headbutt, horns 2
a: Renounce Religion, Berserk, Trog's Hand


You were on level 3 of the Dungeon.
You worshipped Trog.
Trog was pleased with you.
You visited 1 branch of the dungeon, and saw 3 of its levels.

You collected 81 gold pieces.

Inventory:

Hand Weapons
 a - a +0 hand axe (weapon)
Armour
 b - a +0 animal skin (worn)
 g - a +0 ring mail
 p - a +0 pair of boots
 q - a +0 kite shield (worn)
Jewellery
 r - an uncursed ring of stealth {unknown}
Scrolls
 c - 3 scrolls of enchant weapon {unknown}
 e - 3 scrolls of teleportation {unknown}
 i - 2 scrolls of fear {unknown}
 j - a scroll of fog {unknown}
 k - a scroll of magic mapping {unknown}
 l - a scroll of enchant armour {unknown}
 t - a scroll of random uselessness {unknown}
Potions
 d - a potion of berserk rage {unknown}
 f - a potion of haste {unknown}
 h - a potion of brilliance {unknown}
 m - a potion of ambrosia {unknown}
 n - a potion of heal wounds {unknown}
 o - 2 potions of curing {unknown}
 s - a potion of mutation {unknown}
 u - a potion of magic {unknown}


   Skills:
 + Level 4.5 Fighting
 + Level 4.5 Axes
 + Level 3.6 Armour
 + Level 3.3 Dodging
 + Level 1.2 Shields


You had 3 spell levels left.
You didn't know any spells.
Your spell library was empty.

Dungeon Overview and Level Annotations

Branches:
Dungeon (3/15)

Altars:
Qazlal


Innate Abilities, Weirdness & Mutations

You reflexively headbutt those who attack you in melee.
You have a pair of horns on your head.


Message History

* * * LOW HITPOINT WARNING * * *
The orc priest misses you.
You barely miss the orc priest. You headbutt the orc priest!
The orc priest is severely wounded.
You hit something. You block something's attack.
You slash the orc priest!
You kill the orc priest!
Trog accepts your kill.
You barely miss something. Something hits you but does no damage.
Your Shields skill increases to level 1!
Items here: )) [[ ††.
You feel a strong urge to attack something.
You feel your anger nearly subside.
You are no longer berserk.
You are exhausted.
You feel yourself slow down.
Your skin crawls.
You feel strong-willed.
A magic dart appears from out of thin air!
The magic dart hits you!
You die...

#.(. #... #...
#.'# #..# #..#
###' #..##
.....#.@.##
####'....#######
.................
..####..#{######
(..##.###o##
#...# ##.#
...b###)##
####..#o##
.#####..†##


You could see an orc priest.

Vanquished Creatures
  An orc priest (D:3)
  Jessica (D:2)
  An adder (D:2)
  A worm (D:2)
  2 leopard geckos
  2 orcs (D:3)
  A giant cockroach (D:2)
  10 goblins
  7 hobgoblins
  7 kobolds
  A quokka (D:2)
  8 bats
  2 frilled lizards
  8 rats (D:1)
52 creatures vanquished.

Notes
Turn   | Place    | Note
-------+----------+-------------------------------------------
     0 | D:1      | dtburroughs the Minotaur Berserker began the quest for the
                  | Orb.
     0 | D:1      | Reached XP level 1. HP: 19/19 MP: 0/0
   293 | D:1      | Reached XP level 2. HP: 27/27 MP: 1/1
   551 | D:1      | Reached XP level 3. HP: 31/33 MP: 2/2
   763 | D:1      | Reached ** piety under Trog
  1059 | D:2      | Found a stormy altar of Qazlal.
  1810 | D:2      | Noticed Jessica
  1811 | D:2      | Killed Jessica
  1812 | D:2      | Reached XP level 4. HP: 41/41 MP: 3/3
  2105 | D:3      | Reached skill level 1 in Shields
  2110 | D:3      | Killed from afar by an orc wizard

Illustrated notes

Levels and vault maps discovered:
D:1:      elethiomel_arrival_diamonds, layout_basic, st_stairs_14, minivault_24,
          chequers_decorated_corner
D:2:      layout_basic, grunt_qazlal_clouds, uniq_jessica
D:3:      minmay_bubble_buster, layout_loops_corners, minivault_11

Skill      XL: |  1  2  3  4 |
---------------+-------------+-----
Axes           | 4 |  4.5
Fighting       | 4 |  4.5
Armour         | 3 |  3.6
Dodging        | 3 |  3.3
Shields        | 1 |  1.2

Action                   |  1- 3 |  4- 6 || total
-------------------------+-------+-------++-------
Melee: Hand axe          |    71 |    16 ||    87
       Headbutt          |    18 |     2 ||    20
Invok: Trog's Hand       |     1 |     1 ||     2
       Berserk           |       |     1 ||     1
Armor: Animal skin       |    18 |     4 ||    22
Dodge: Dodged            |    45 |     7 ||    52
Block: Kite shield       |     3 |     9 ||    12
